AoeStats
← judge0625

Arena

510327922Analyzed
1v1 RM · 3d ago on Sep 30, 2026· 50m 16s· 2 players
Game mode
Random Map
Map size
Tiny (2 player)
Population
200
Speed
Normal
Resources
Standard
Victory
Conquest
Starting age
Dark Age
Ending age
Imperial Age
RankedLock teamsTeams togetherTeam positionsShared explorationLock speedFull tech treeHidden civsTurbo modeCheats
Victory
Defeat
🇹🇷 Britons · Türkiye
754
+15
🇦🇷 Celts · Argentina
726
-15
Leo Cositorto
8:41 Loom
11:41 Feudal Age
15:54 Castle Age
13:48 Double-Bit Axe
22:14 Wheelbarrow
27:07 Horse Collar
28:57 Scale Barding Armor
32:58 Imperial Age
31:25 Chain Barding Armor
32:18 Gold Mining
32:20 Stone Mining
32:46 Forging
33:02 Ballistics
33:18 Cavalier
35:49 Heavy Plow
36:30 Onager
44:03 Chemistry
43:34 Siege Onager
46:56 Light Cavalry
47:45 Hussar
49:11 Conscription
49:41 Iron Casting
judge0625
12:29 Feudal Age
18:05 Castle Age
16:26 Stone Mining
17:07 Gold Mining
17:31 Double-Bit Axe
19:24 Wheelbarrow
27:07 Imperial Age
27:10 Padded Archer Armor
27:00 Fletching
28:34 Bow Saw
29:52 Bodkin Arrow
30:19 Leather Archer Armor
32:01 Two-Man Saw
32:25 Gold Shaft Mining
32:58 Ballistics
32:31 Horse Collar
33:59 Hand Cart
35:39 Chemistry
36:01 Heavy Plow
37:28 Yeomen
36:33 Elite Longbowman
39:16 Bracer
39:54 Ring Archer Armor
43:09 Light Cavalry
43:49 Husbandry
43:58 Scale Barding Armor
44:04 Forging
47:34 Chain Barding Armor
47:50 Iron Casting
48:52 Plate Barding Armor
Connection lost

Rejoining the realm…

Still unreachable

The connection could not be restored.

Session expired

The server has moved on; the page needs a fresh start.